 Dungeon Crawl Stone Soup version 0.32-a0-913-g739538afd8 (webtiles) character file.

Game seed: 11416188206201473375

2 kae the Changeling (level 1, 0/15 HPs)
             Began as a Demonspawn Shapeshifter on Apr 9, 2024.
             Slain by a ball python (1 damage)
             ... on level 1 of the Dungeon.
             The game lasted 00:00:07 (133 turns).

kae the Changeling (Demonspawn Shapeshifter)         Turns: 133, Time: 00:00:08

Health: 0/15       AC:  2    Str: 14    XL:     1   Next: 25%
Magic:  1/1        EV:  1    Int: 10    God:
Gold:   16         SH:  0    Dex: 12    Spells: 0/0 levels left

rFire   . .          .
                       - Unarmed
rCold   . . .        (no shield)
rNeg    . . .        a - +0 animal skin
rPois   .            (helmet currently unavailable)
rElec   .            (cloak currently unavailable)
rCorr   .            (gloves currently unavailable)
SInv    .            (boots currently unavailable)
Will    .....        (no amulet)
Stlth   +            (no ring)
HPRegen 0.22/turn    (no ring)
MPRegen 0.07/turn

%: no passive effects
@: beast-form, constricted
A: beast (slay +1)
a: Begin Untransformation


You were on level 1 of the Dungeon.
You were a hulking beast.
You visited 1 branch of the dungeon, and saw 1 of its levels.

You collected 16 gold pieces.


   Skills:
 + Level 1.0 Fighting
 - Level 1.7 Dodging
 + Level 2.7 Unarmed Combat
 * Level 2.7 Shapeshifting


You couldn't memorise any spells.
You didn't know any spells.
Your spell library was empty.

Inventory:

Armour
 a - a +0 animal skin (worn)
Magical Staves
 e - a staff of death {!a}
   (You found it on level 1 of the Dungeon)
Jewellery
 Z - a ring of wizardry
   (You found it on level 1 of the Dungeon)
Talismans
 c - a beast talisman (active)
 d - a flux talisman
Scrolls
 f - 2 scrolls of fog {unknown}
Potions
 b - a potion of lignification {!q}

Dungeon Overview and Level Annotations

Branches:
Dungeon (1/15) Zot: 5866

Altars:

.# #.# #.# .# #.#
#.# .# ##.## #.#
.# ###...# #.# .#
##...#.###(# .#
##........#.# .#
#......##...# ##
#.........#.#
######.#...#.###h#
.............# #S#
.........##### #.#
######.#.# #.#
#.#.# #.# #.#.#
.#. #.#.# . #
....##.#.# .
###[##.#.#


You could see a ball python.


Message History

Options error: Missing colour in message_colour setting: 'before it is too late' ✅ Successfully initialized magus.rc [v1.11.3] Welcome, kae the Demonspawn Shapeshifter.
The magnificent Orb of Zot lies far below, as if waiting for you to find it.
Press ? for a list of commands and other information.
Found a staircase leading out of the dungeon.
You open the door.
There is an open door here.
e - a staff of death {!a} You now have 16 gold pieces.
There is an open door here.
A bat comes into view.
A bat is nearby!
A bat is nearby!
You barely miss the bat. The bat barely misses you.
An endoplasm comes into view.
The bat hits you. The bat closely misses you.
The endoplasm moves out of view. 😕 HP[-1]
You take 1 damage, and now have 14/15 hp.
A bat is nearby!
You completely miss the bat. The bat barely misses you.
Found an escape hatch in the floor.
The bat barely misses you. 😎 HP[+1]
Your hp is fully restored (15).
There are monsters nearby!
The bat hits you but does no damage.
You closely miss the bat. The bat misses you.
There are monsters nearby!
You hit the endoplasm. The endoplasm barely misses you.
The bat closely misses you.
You hit the endoplasm.
You kill the endoplasm!
The bat hits you.
A bat is nearby! 😕 HP[-1]
You take 1 damage, and now have 14/15 hp.
A bat is nearby!
The bat barely misses you. The bat closely misses you.
A bat is nearby!
The bat closely misses you.
You hit the bat but do no damage. The bat hits you but does no damage.
The bat closely misses you. 😎 HP[+1]
Your hp is fully restored (15).
A bat is nearby!
You miss the bat. The bat hits you but does no damage.
You closely miss the bat. The bat hits you but does no damage.
The bat hits you. 😕 HP[-1]
You take 1 damage, and now have 14/15 hp.
A bat is nearby!
You hit the bat.
You kill the bat!
No target in view!
f - 2 scrolls labelled DOEGUL UDUW 😎 HP[+1]
Your hp is fully restored (15).
No target in view!
No target in view!
Z - a ring of wizardry No target in view!
No target in view!
A ball python comes into view.
The ball python hisses angrily.
The ball python bites you.
The ball python barely misses you. 😕 HP[-1]
You take 1 damage, and now have 14/15 hp.
A ball python is nearby!
You closely miss the ball python. The ball python completely misses you.
The ball python grabs you. The ball python constricts you.
You barely miss the ball python. The ball python bites you.
The ball python constricts you. 😮 HP[-3]
You take 3 damage, and now have 11/15 hp.
A ball python is nearby!
You closely miss the ball python. The ball python bites you.
The ball python constricts you.
* * * LOW HITPOINT WARNING * * *
You are too injured to fight recklessly!
A ball python is nearby! 😨 HP[-4]
You take 4 damage, and now have 7/15 hp.
MASSIVE DAMAGE!! (PAUSE)
You completely miss the ball python. The ball python bites you.
* * * LOW HITPOINT WARNING * * *
The ball python constricts you.
* * * LOW HITPOINT WARNING * * *
😱 HP[-4]
You take 4 damage, and now have 3/15 hp.
MASSIVE DAMAGE!! (PAUSE)
You hit the ball python. The ball python bites you.
* * * LOW HITPOINT WARNING * * *
The ball python constricts you.
* * * LOW HITPOINT WARNING * * *
😱 HP[-2]
You take 2 damage, and now have 1/15 hp.
You hit the ball python. The ball python bites you.
You die...

Action                     || total
---------------------------++-------
  Melee: Unarmed           ||    15
 Armour: Animal skin       ||    18
  Dodge: Dodged            ||    13

Levels and vault maps discovered:
D:1:      wheals_arrival_linesprint, layout_loops_ring, minmay_tromino_v4_b

Notes
Turn   | Place    | Note
-------+----------+-------------------------------------------
     0 | D:1      | kae the Demonspawn Shapeshifter began the quest for the
                  | Orb.
     0 | D:1      | Reached XP level 1. HP: 15/15 MP: 1/1
     0 | D:1      | magus.rc [v1.11.3]
   131 | D:1      | HP: 3/15 [constriction (2)]
   132 | D:1      | HP: 1/15 [constriction (1)]
   133 | D:1      | Slain by a ball python

Vanquished Creatures
  An endoplasm (D:1)
  A bat (D:1)
2 creatures vanquished.

Table legend:
 A = Non-vault XP
 B = Vault XP
 C = Vault XP percentage of total XP
 D = Non-vault monster count
 E = Vault monster count
 F = Vault count percentage of total count
                 A         B        C        D         E       F
            +---------+---------+-------+---------+---------+-------
      Total |       3 |       0 |   0.0 |       2 |       0 |   0.0
            +---------+---------+-------+---------+---------+-------
        D:1 |       3 |       0 |   0.0 |       2 |       0 |   0.0
            +---------+---------+-------+---------+---------+-------

Action                     || total
---------------------------++-------
  Melee: Unarmed           ||    15
 Armour: Animal skin       ||    18
  Dodge: Dodged            ||    13

Illustrated notes

Table legend:
 A = Kills in this place as a percentage of kills in the entire game.
 B = Kills by you in this place as a percentage of kills by you in the entire game.
 C = Kills by friends in this place as a percentage of kills by friends in the entire game.
 D = Other kills in this place as a percentage of other kills in the entire game.
 E = Experience gained in this place as a percentage of experience gained in the entire game.
 F = Experience gained in this place divided by the number of levels of this place that you have seen.
                   A       B       C       D       E      F
               +-------+-------+-------+-------+-------+----------------------
         Total | 100.0 | 100.0 |   N/A |   N/A | 100.0 |   3.0
       Dungeon | 100.0 | 100.0 |   N/A |   N/A | 100.0 |   3.0
               +-------+-------+-------+-------+-------+----------------------

Table legend: (Time is in decaauts)
 A = Elapsed time spent in this place.
 B = Non-inter-level travel time spent in this place.
 C = Inter-level travel time spent in this place.
 D = Time resting spent in this place.
 E = Time spent auto-exploring this place.
 F = Levels seen in this place.
 G = Mean time per level.
                   A        B        C        D        E       F      G
               +--------+--------+--------+--------+--------+-----+--------+
         Total |    132 |    132 |      0 |      0 |    106 |   1 |  132.0 |
       Dungeon |    132 |    132 |      0 |      0 |    106 |   1 |  132.0 |
               +--------+--------+--------+--------+--------+-----+--------+

Top non-repeatable levels by time:
     D:1: 132 daAuts
